| TOP OF THE 1ST |
|
Baltimore Orioles batting - Pitching for Oakland Athletics : RHP Bryce Schimmoeller
|
|
Pitching: RHP Bryce Schimmoeller
|
|
|
Batting: RHB Rudo Garciaparra
|
0-0: Foul Ball, location: 2F 0-1: Ball 1-1: Foul Ball, location: 2F 1-2: Strikes out swinging
|
|
Batting: SHB Aldo Questi
|
0-0: Called Strike 0-1: Ground out 4-3 (Groundball, 4M, EV 105.6 MPH)
|
|
Batting: RHB Saimei Kudo
|
0-0: Called Strike 0-1: Swinging Strike 0-2: Ball 1-2: Strikes out swinging
|
| Top of the 1st over - 0 runs, 0 hits, 0 errors, 0 left on base; Baltimore 0 - Oakland 0 |
| BOTTOM OF THE 1ST |
|
Oakland Athletics batting - Pitching for Baltimore Orioles : RHP Douglas ten Pas
|
|
Pitching: RHP Douglas ten Pas
|
|
|
Batting: RHB Randy Shrewsbury
|
0-0: Ball 1-0: Foul Ball, location: 2F 1-1: Ball 2-1: SOLO HOME RUN (Flyball, 7LD, EV 92.5 MPH), Distance : 363 ft
|
|
Batting: LHB R.J. O'Brien
|
0-0: Fly out, F7 (Flyball, 78M, EV 88.1 MPH)
|
|
Batting: LHB Bob Branham
|
0-0: Called Strike 0-1: Foul Ball, location: 2F 0-2: Foul Ball, location: 2F 0-2: DOUBLE (Flyball, 78D, EV 95.0 MPH)
|
|
Batting: RHB Muneo Kawachi
|
0-0: Ball 1-0: Foul Ball, location: 2F 1-1: Foul Ball, location: 2F 1-2: Ball 2-2: Ball 3-2: Foul Ball, location: 2F 3-2: Ground out 5-3 (Groundball, 56S, EV 83.1 MPH)
|
|
Batting: SHB Quincy Bradford
|
0-0: Called Strike 0-1: Called Strike 0-2: Ball 1-2: Foul Ball, location: 2F 1-2: Strikes out looking
|
| Bottom of the 1st over - 1 run, 2 hits, 0 errors, 1 left on base; Baltimore 0 - Oakland 1 |
| TOP OF THE 2ND |
|
Baltimore Orioles batting - Pitching for Oakland Athletics : RHP Bryce Schimmoeller
|
|
Batting: SHB Jason Hayes
|
0-0: Ball 1-0: TRIPLE (Flyball, 9D, EV 98.8 MPH)
|
|
Batting: SHB Robbie Rogers
|
0-0: Ground out 6-3 (Groundball, 6, EV 86.9 MPH) Jason Hayes scores
|
|
Batting: RHB Travis Leonard
|
0-0: Ball 1-0: DOUBLE (Line Drive, 78M, EV 90.0 MPH)
|
|
Batting: RHB Nick Rigden
|
0-0: Called Strike 0-1: 2-RUN HOME RUN (Flyball, 7LD, EV 88.8 MPH), Distance : 336 ft
|
|
Batting: RHB Raul Mendoza
|
0-0: Ball 1-0: Called Strike 1-1: Swinging Strike 1-2: Strikes out looking
|
|
Batting: RHB Tylor Cyr
|
0-0: Foul Ball, location: 2F 0-1: Ball 1-1: Ball 2-1: Ground out 3-1 (Groundball, 13, EV 89.4 MPH)
|
| Top of the 2nd over - 3 runs, 3 hits, 0 errors, 0 left on base; Baltimore 3 - Oakland 1 |
| BOTTOM OF THE 2ND |
|
Oakland Athletics batting - Pitching for Baltimore Orioles : RHP Douglas ten Pas
|
|
Batting: LHB Tom Butterbaugh
|
0-0: Ball 1-0: Ball 2-0: Ball 3-0: Base on Balls
|
|
Batting: RHB Jorge Severiano
|
0-0: Ball 1-0: Ball 2-0: Ball 3-0: Base on Balls Tom Butterbaugh to second
|
|
Batting: LHB Jeff Luvisi
|
0-0: Ball 1-0: Ball 2-0: Called Strike 2-1: Reached on error, E3 (Groundball, 34D, EV 103.1 MPH) Tom Butterbaugh to third Jorge Severiano to second
|
|
Batting: LHB Juan Concepcion
|
0-0: Called Strike 0-1: Ball 1-1: Ball 2-1: Ball 3-1: Base on Balls Tom Butterbaugh scores Jorge Severiano to third Jeff Luvisi to second
|
|
Batting: RHB Randy Shrewsbury
|
0-0: Ball 1-0: Ball 2-0: Ball 3-0: Base on Balls Jorge Severiano scores Jeff Luvisi to third Juan Concepcion to second
|
|
Batting: LHB R.J. O'Brien
|
0-0: Swinging Strike 0-1: Ball 1-1: Called Strike 1-2: Fly out, F9 (Flyball, 9D, EV 95.6 MPH) Runner from 3rd tags up, SCORES, no throw by RF Juan Concepcion to third
|
|
Batting: LHB Bob Branham
|
0-0: Ball 1-0: Foul Ball, location: 2F 1-1: Foul Ball, location: 2F 1-2: Strikes out swinging
|
|
Batting: RHB Muneo Kawachi
|
0-0: Ball 1-0: Foul Ball, location: 2F 1-1: Fly out, F8 (Flyball, 8LD, EV 95.6 MPH)
|
| Bottom of the 2nd over - 3 runs, 0 hits, 1 error, 2 left on base; Baltimore 3 - Oakland 4 |
| TOP OF THE 3RD |
|
Baltimore Orioles batting - Pitching for Oakland Athletics : RHP Bryce Schimmoeller
|
|
Batting: RHB Rudo Garciaparra
|
0-0: Called Strike 0-1: Ball 1-1: DOUBLE (Line Drive, 78M, EV 92.5 MPH)
|
|
Batting: SHB Aldo Questi
|
0-0: Called Strike 0-1: Ground out 3-1 (Groundball, 34, EV 99.4 MPH) Rudo Garciaparra to third
|
|
Batting: RHB Saimei Kudo
|
0-0: Ball 1-0: Foul Ball, location: 2F 1-1: Swinging Strike 1-2: Strikes out swinging
|
|
Batting: SHB Jason Hayes
|
0-0: Ball 1-0: Foul Ball, location: 2F 1-1: DOUBLE (Flyball, 8LXD, EV 101.2 MPH) Rudo Garciaparra scores
|
|
Batting: SHB Robbie Rogers
|
0-0: 2-RUN HOME RUN (Flyball, 9D, EV 101.2 MPH), Distance : 378 ft
|
|
Batting: RHB Travis Leonard
|
0-0: Ball 1-0: Called Strike 1-1: Swinging Strike 1-2: SINGLE (Line Drive, 89M, EV 100.6 MPH)
|
|
Pitching: LHP David James
|
|
|
Batting: RHB Nick Rigden
|
0-0: Ball 1-0: Foul Ball, location: 2F 1-1: Swinging Strike 1-2: Ball 2-2: Ball 3-2: Strikes out swinging
|
| Top of the 3rd over - 3 runs, 4 hits, 0 errors, 1 left on base; Baltimore 6 - Oakland 4 |
| BOTTOM OF THE 3RD |
|
Oakland Athletics batting - Pitching for Baltimore Orioles : RHP Douglas ten Pas
|
|
Batting: SHB Quincy Bradford
|
0-0: Ball 1-0: Called Strike 1-1: Foul Ball, location: 2F 1-2: Ball 2-2: Ball 3-2: Strikes out looking
|
|
Batting: LHB Tom Butterbaugh
|
0-0: Foul Ball, location: 2F 0-1: Ball 1-1: Ball 2-1: Foul Ball, location: 2F 2-2: SINGLE (Groundball, 4MD, EV 100.6 MPH)
|
|
Batting: RHB Jorge Severiano
|
0-0: Called Strike 0-1: Ball Pickoff Play to 1st, Runner tries for 2nd, SAFE after rundown. 1-1: Ball 2-1: Ball 3-1: Called Strike 3-2: DOUBLE (Line Drive, 78D, EV 106.9 MPH) Tom Butterbaugh scores
|
|
Pitching: RHP Pete Rance
|
|
|
Batting: LHB Jeff Luvisi
|
0-0: Ground out 6-3 (Groundball, 56, EV 90.0 MPH)
|
|
Batting: LHB Juan Concepcion
|
0-0: Called Strike 0-1: Called Strike 0-2: SINGLE (Groundball, P, EV 94.4 MPH) Jorge Severiano to third Runner from 3rd tries for Home, SAFE, throw by CF to home Juan Concepcion to second
|
|
Pitching: RHP Jose Lara
|
|
|
Batting: RHB Randy Shrewsbury
|
0-0: Ground out 6-3 (Groundball, 6, EV 80.6 MPH)
|
| Bottom of the 3rd over - 2 runs, 3 hits, 0 errors, 1 left on base; Baltimore 6 - Oakland 6 |
| TOP OF THE 4TH |
|
Baltimore Orioles batting - Pitching for Oakland Athletics : LHP David James
|
|
Batting: RHB Raul Mendoza
|
0-0: Ball 1-0: Ball 2-0: Ball 3-0: Called Strike 3-1: Base on Balls
|
|
Batting: RHB Tylor Cyr
|
0-0: Ball 1-0: Fielders Choice at 2nd, 3-6 (Groundball, 3, EV 94.4 MPH)
|
|
Batting: RHB Rudo Garciaparra
|
0-0: Ball 1-0: Called Strike 1-1: Called Strike 1-2: Strikes out swinging
|
|
Batting: SHB Aldo Questi
|
0-0: Swinging Strike 0-1: Ball 1-1: Swinging Strike 1-2: Strikes out swinging
|
| Top of the 4th over - 0 runs, 0 hits, 0 errors, 1 left on base; Baltimore 6 - Oakland 6 |
| BOTTOM OF THE 4TH |
|
Oakland Athletics batting - Pitching for Baltimore Orioles : RHP Jose Lara
|
|
Batting: LHB R.J. O'Brien
|
0-0: Ball 1-0: Ball 2-0: Foul Ball, location: 2F 2-1: Ball 3-1: Foul Ball, location: 2F 3-2: Foul Ball, location: 2F 3-2: Base on Balls
|
|
Batting: LHB Bob Branham
|
0-0: Foul Ball, location: 2F 0-1: Ball 1-1: Ball 2-1: Ball R.J. O'Brien steals 2nd, throwing error, E2 R.J. O'Brien to third 3-1: Base on Balls
|
|
Batting: RHB Muneo Kawachi
|
0-0: Ball 1-0: Called Strike 1-1: Foul Ball, location: 2F 1-2: Fly out, F8 (Line Drive, 8LD, EV 91.2 MPH) Runner from 3rd tags up, SCORES, no throw by CF
|
|
Batting: SHB Quincy Bradford
|
0-0: Ball 1-0: Ball 2-0: Ball 3-0: Base on Balls Bob Branham to second
|
|
Batting: LHB Tom Butterbaugh
|
0-0: Called Strike 0-1: Grounds into double play, 4-6-3 (Groundball, 4, EV 99.4 MPH)
|
| Bottom of the 4th over - 1 run, 0 hits, 1 error, 1 left on base; Baltimore 6 - Oakland 7 |
| TOP OF THE 5TH |
|
Baltimore Orioles batting - Pitching for Oakland Athletics : LHP David James
|
|
Batting: RHB Saimei Kudo
|
0-0: Ground out 6-3 (Groundball, 6, EV 86.9 MPH)
|
|
Batting: SHB Jason Hayes
|
0-0: Swinging Strike 0-1: Ball 1-1: Foul Ball, location: 2F 1-2: Strikes out swinging
|
|
Batting: SHB Robbie Rogers
|
0-0: Ball 1-0: Called Strike 1-1: Ball 2-1: Foul Ball, location: 2F 2-2: Strikes out looking
|
| Top of the 5th over - 0 runs, 0 hits, 0 errors, 0 left on base; Baltimore 6 - Oakland 7 |
| BOTTOM OF THE 5TH |
|
Oakland Athletics batting - Pitching for Baltimore Orioles : RHP Jose Lara
|
|
Batting: RHB Jorge Severiano
|
0-0: Called Strike 0-1: Swinging Strike 0-2: Strikes out swinging
|
|
Batting: LHB Jeff Luvisi
|
0-0: Ball 1-0: Ball 2-0: Ball 3-0: Fly out, F4 (Flyball, 34D, EV 87.5 MPH)
|
|
Batting: LHB Juan Concepcion
|
0-0: Called Strike 0-1: Ground out 4-3 (Groundball, 4, EV 81.9 MPH)
|
| Bottom of the 5th over - 0 runs, 0 hits, 0 errors, 0 left on base; Baltimore 6 - Oakland 7 |
| TOP OF THE 6TH |
|
Baltimore Orioles batting - Pitching for Oakland Athletics : LHP David James
|
|
Batting: RHB Travis Leonard
|
0-0: Ball 1-0: Called Strike 1-1: Called Strike 1-2: Ball 2-2: Foul Ball, location: 2F 2-2: Foul Ball, location: 2F 2-2: Strikes out swinging
|
|
Batting: RHB Nick Rigden
|
0-0: Foul Ball, location: 2F 0-1: Ball 1-1: Ball 2-1: Foul Ball, location: 2F 2-2: Ground out 5-3 (Groundball, 56S, EV 89.4 MPH)
|
|
Batting: RHB Raul Mendoza
|
0-0: Called Strike 0-1: Ball 1-1: Ball 2-1: Called Strike 2-2: Ball 3-2: Base on Balls
|
|
Pitching: RHP Elijah Everett
|
|
|
Batting: RHB Tylor Cyr
|
0-0: Ball 1-0: Swinging Strike 1-1: SINGLE (Line Drive, 34, EV 95.0 MPH) Raul Mendoza to second
|
|
Batting: RHB Rudo Garciaparra
|
0-0: DOUBLE (Flyball, 9LD, EV 96.9 MPH) Raul Mendoza scores Tylor Cyr to third Runner from 3rd tries for Home, SAFE, no throw by RF
|
|
Batting: SHB Aldo Questi
|
0-0: Foul Ball, location: 2F 0-1: Ball 1-1: Swinging Strike 1-2: Ball 2-2: Ball 3-2: Strikes out looking
|
| Top of the 6th over - 2 runs, 2 hits, 0 errors, 1 left on base; Baltimore 8 - Oakland 7 |
| BOTTOM OF THE 6TH |
|
Oakland Athletics batting - Pitching for Baltimore Orioles : RHP Jose Lara
|
|
Pitching: RHP Tim Weller
|
|
|
Batting: RHB Randy Shrewsbury
|
0-0: Foul Ball, location: 2F 0-1: Ball 1-1: SINGLE (Groundball, 56D, EV 107.5 MPH)
|
|
Batting: LHB R.J. O'Brien
|
0-0: SINGLE (Groundball, 6M, EV 96.9 MPH) Randy Shrewsbury to second Runner from 2nd tries for 3rd, SAFE, throw by CF made to third
|
|
Batting: LHB Bob Branham
|
0-0: Ball 1-0: Ball 2-0: Foul Ball, location: 2F 2-1: Fly out, F7 (Flyball, 7, EV 88.8 MPH) Runner from 3rd tags up, SCORES, throw by LF
|
|
Batting: RHB Muneo Kawachi
|
0-0: Ball 1-0: Ball R.J. O'Brien steals 2nd base 2-0: Ball 3-0: Called Strike 3-1: 2-RUN HOME RUN (Flyball, 7LD, EV 98.1 MPH), Distance : 349 ft
|
|
Pitching: RHP Pat Wiggins
|
|
|
Batting: SHB Quincy Bradford
|
0-0: Ball 1-0: Called Strike 1-1: Ball 2-1: SINGLE (Groundball, 25, EV 69.4 MPH) (infield hit)
|
|
Batting: LHB Tom Butterbaugh
|
0-0: Called Strike 0-1: Foul Ball, location: 2F 0-2: Ball 1-2: Foul Ball, location: 2F 1-2: Foul Ball, location: 2F 1-2: Fly out, F7 (Flyball, 7S, EV 86.9 MPH)
|
|
Batting: RHB Jorge Severiano
|
0-0: Ball Quincy Bradford is caught stealing 2nd base 2-4
|
| Bottom of the 6th over - 3 runs, 4 hits, 0 errors, 0 left on base; Baltimore 8 - Oakland 10 |
| TOP OF THE 7TH |
|
Baltimore Orioles batting - Pitching for Oakland Athletics : RHP Elijah Everett
|
|
Batting: RHB Saimei Kudo
|
0-0: Ball 1-0: Ball 2-0: Ground out U3 (Groundball, 34, EV 89.4 MPH)
|
|
Batting: SHB Jason Hayes
|
0-0: Called Strike 0-1: Ball 1-1: Foul Ball, location: 2F 1-2: Strikes out looking
|
|
Batting: SHB Robbie Rogers
|
0-0: Ball 1-0: Called Strike 1-1: Fly out, F5 (Line Drive, 5, EV 66.9 MPH)
|
| Top of the 7th over - 0 runs, 0 hits, 0 errors, 0 left on base; Baltimore 8 - Oakland 10 |
| BOTTOM OF THE 7TH |
|
Oakland Athletics batting - Pitching for Baltimore Orioles : RHP Pat Wiggins
|
|
Pitching: RHP Ryuhei Shimabukuro
|
|
|
Batting: RHB Jorge Severiano
|
0-0: Fly out, F7 (Flyball, 7LSF, EV 88.8 MPH)
|
|
Batting: LHB Jeff Luvisi
|
0-0: Called Strike 0-1: Ball 1-1: Called Strike 1-2: Ball 2-2: Strikes out swinging
|
|
Batting: LHB Juan Concepcion
|
0-0: Called Strike 0-1: Ball 1-1: Ground out U3 (Groundball, 34S, EV 85.6 MPH)
|
| Bottom of the 7th over - 0 runs, 0 hits, 0 errors, 0 left on base; Baltimore 8 - Oakland 10 |
| TOP OF THE 8TH |
|
Baltimore Orioles batting - Pitching for Oakland Athletics : RHP Elijah Everett
|
|
Pitching: RHP Hunter Vanderhyden
|
|
|
Now at C: Garry Hash
|
|
|
Now in RF: Nick Gentzel
|
|
|
Batting: RHB Travis Leonard
|
0-0: Ground out 4-3 (Groundball, 4S, EV 85.0 MPH)
|
|
Batting: RHB Nick Rigden
|
0-0: Ground out 6-3 (Groundball, 6, EV 93.1 MPH)
|
|
Batting: RHB Raul Mendoza
|
0-0: Swinging Strike 0-1: Ground out U3 (Groundball, 34, EV 85.0 MPH)
|
| Top of the 8th over - 0 runs, 0 hits, 0 errors, 0 left on base; Baltimore 8 - Oakland 10 |
| BOTTOM OF THE 8TH |
|
Oakland Athletics batting - Pitching for Baltimore Orioles : RHP Ryuhei Shimabukuro
|
|
Batting: RHB Randy Shrewsbury
|
0-0: Called Strike 0-1: Fly out, F9 (Flyball, 89S, EV 88.8 MPH)
|
|
Batting: LHB R.J. O'Brien
|
0-0: Swinging Strike 0-1: Ball 1-1: Called Strike 1-2: Strikes out swinging
|
|
Batting: LHB Bob Branham
|
0-0: SINGLE (Line Drive, 8LS, EV 89.4 MPH)
|
|
Batting: RHB Muneo Kawachi
|
0-0: Swinging Strike 0-1: Ball 1-1: Ball 2-1: Fly out, F8 (Flyball, 8RD, EV 104.4 MPH)
|
| Bottom of the 8th over - 0 runs, 1 hit, 0 errors, 1 left on base; Baltimore 8 - Oakland 10 |
| TOP OF THE 9TH |
|
Baltimore Orioles batting - Pitching for Oakland Athletics : RHP Hunter Vanderhyden
|
|
Pitching: RHP Charlie Shook
|
|
|
Batting: RHB Tylor Cyr
|
0-0: Ball 1-0: Called Strike 1-1: Foul Ball, location: 2F 1-2: Ball 2-2: Strikes out swinging
|
|
Batting: RHB Rudo Garciaparra
|
0-0: Called Strike 0-1: Fly out, F4 (Popup, 34, EV 71.2 MPH)
|
|
Batting: SHB Aldo Questi
|
0-0: Ball 1-0: Ball 2-0: Ball 3-0: Base on Balls
|
|
Batting: RHB Saimei Kudo
|
0-0: Fielders Choice at 2nd, 5-4 (Groundball, 5, EV 103.1 MPH)
|
| Top of the 9th over - 0 runs, 0 hits, 0 errors, 1 left on base; Baltimore 8 - Oakland 10 |
|